Warning! The script has encountered some errors when parsing the replay. Please report them to the . » details
0x74, prev: 0x19: 16 02 03 00 8D 8B 00 00 95 A7 00 00 F9 84 00 00 E4 C2 01 00 8C 57 00 00 6E FC 0D 00 19 65 [74] 61 65 C8 8C 00 00 A2 96 0D 00
0xAF, prev: 0x65: 16 02 01 00 F9 84 00 00 E4 C2 01 00 19 65 74 61 65 [AF] 8A 00 00 98 8F 00 00
0x00, prev: 0xAF: 16 02 01 00 F9 84 00 00 E4 C2 01 00 19 65 74 61 65 AF 8A [00] 00 98 8F 00 00
0x98, prev: 0x00: 16 02 01 00 6B 53 00 00 38 9A 0D 00 19 6E 65 64 65 61 85 00 00 86 [98] 0D 00
0x00, prev: 0x98: 16 02 01 00 6B 53 00 00 38 9A 0D 00 19 6E 65 64 65 61 85 00 00 86 98 0D [00]
0x6F, prev: 0x19: 16 02 01 00 40 5A 00 00 E2 2D 0C 00 19 65 [6F] 74 65 EA 88 00 00 2F 9D 03 00
0x4E, prev: 0x65: 16 02 03 00 CA 82 00 00 B6 18 01 00 D6 85 00 00 C0 A8 00 00 57 89 00 00 F0 9A 00 00 19 77 6F 6D 65 [4E] 8B 00 00 C2 95 00 00
0x00, prev: 0x4E: 16 02 03 00 CA 82 00 00 B6 18 01 00 D6 85 00 00 C0 A8 00 00 57 89 00 00 F0 9A 00 00 19 77 6F 6D 65 4E 8B [00] 00 C2 95 00 00
0xC2, prev: 0x00: 16 02 03 00 CA 82 00 00 B6 18 01 00 D6 85 00 00 C0 A8 00 00 57 89 00 00 F0 9A 00 00 19 77 6F 6D 65 4E 8B 00 00 [C2] 95 00 00
0x00, prev: 0xC2: 16 02 03 00 CA 82 00 00 B6 18 01 00 D6 85 00 00 C0 A8 00 00 57 89 00 00 F0 9A 00 00 19 77 6F 6D 65 4E 8B 00 00 C2 95 [00] 00
0xE9, prev: 0x65: 16 02 01 00 8D 8B 00 00 95 A7 00 00 19 62 6F 64 65 [E9] 87 00 00 A0 AB 00 00
0x00, prev: 0xE9: 16 02 01 00 8D 8B 00 00 95 A7 00 00 19 62 6F 64 65 E9 87 [00] 00 A0 AB 00 00
0xA0, prev: 0x00: 16 02 01 00 8D 8B 00 00 95 A7 00 00 19 62 6F 64 65 E9 87 00 00 [A0] AB 00 00
0x00, prev: 0xA0: 16 02 01 00 8D 8B 00 00 95 A7 00 00 19 62 6F 64 65 E9 87 00 00 A0 AB [00] 00
0x9D, prev: 0x65: 16 02 03 00 8D 8B 00 00 95 A7 00 00 F9 84 00 00 E4 C2 01 00 6F 34 00 00 11 C7 03 00 19 65 6F 74 65 [9D] 8B 00 00 9D 8B 00 00
0x00, prev: 0x9D: 16 02 03 00 8D 8B 00 00 95 A7 00 00 F9 84 00 00 E4 C2 01 00 6F 34 00 00 11 C7 03 00 19 65 6F 74 65 9D 8B 00 00 9D 8B [00] 00
0x9D, prev: 0x00: 16 02 03 00 8D 8B 00 00 95 A7 00 00 F9 84 00 00 E4 C2 01 00 6F 34 00 00 11 C7 03 00 19 65 6F 74 65 9D 8B 00 00 [9D] 8B 00 00
0x6E, prev: 0x67: 16 02 01 00 40 7A 00 00 98 05 02 00 19 64 61 67 [6E] 2B 79 00 00 2B 79 00 00
0x79, prev: 0x6E: 16 02 01 00 40 7A 00 00 98 05 02 00 19 64 61 67 6E 2B [79] 00 00 2B 79 00 00
0x00, prev: 0x79: 16 02 01 00 40 7A 00 00 98 05 02 00 19 64 61 67 6E 2B 79 00 00 2B 79 00 [00]
0x79, prev: 0x00: 16 02 01 00 40 7A 00 00 98 05 02 00 19 64 61 67 6E 2B 79 00 00 2B [79] 00 00
0x3F, prev: 0x65: 16 02 04 00 40 7A 00 00 98 05 02 00 7E 7E 00 00 27 18 04 00 9F 80 00 00 00 18 04 00 E0 80 00 00 58 00 03 00 19 77 6F 61 65 [3F] 28 00 00 BA 8D 01 00
0x00, prev: 0x3F: 16 02 04 00 40 7A 00 00 98 05 02 00 7E 7E 00 00 27 18 04 00 9F 80 00 00 00 18 04 00 E0 80 00 00 58 00 03 00 19 77 6F 61 65 3F 28 [00] 00 BA 8D 01 00
0xBA, prev: 0x00: 16 02 04 00 40 7A 00 00 98 05 02 00 7E 7E 00 00 27 18 04 00 9F 80 00 00 00 18 04 00 E0 80 00 00 58 00 03 00 19 77 6F 61 65 3F 28 00 00 [BA] 8D 01 00
0x00, prev: 0x01: 16 02 07 00 B3 2C 00 00 BB 6C 09 00 BB 36 00 00 40 94 09 00 50 37 00 00 DE 0B 0B 00 98 70 00 00 AC 04 0B 00 40 7A 00 00 98 05 02 00 6F 82 00 00 71 1F 0B 00 06 8A 00 00 4B 8E 09 00 19 77 6F 6D 65 FD 88 00 00 A9 65 01 [00]
0x72, prev: 0x19: 16 02 05 00 8D 8B 00 00 95 A7 00 00 F9 84 00 00 E4 C2 01 00 B3 81 00 00 60 3B 0A 00 61 85 00 00 53 4C 0E 00 F1 4F 00 00 9C 77 0E 00 19 70 [72] 74 65 B9 6D 00 00 CC 65 0E 00
0xD8, prev: 0x65: 16 02 03 00 CA 82 00 00 B6 18 01 00 D6 85 00 00 C0 A8 00 00 57 89 00 00 F0 9A 00 00 19 70 72 74 65 [D8] 38 00 00 43 A0 02 00
0x00, prev: 0xD8: 16 02 03 00 CA 82 00 00 B6 18 01 00 D6 85 00 00 C0 A8 00 00 57 89 00 00 F0 9A 00 00 19 70 72 74 65 D8 38 [00] 00 43 A0 02 00
0x43, prev: 0x00: 16 02 03 00 CA 82 00 00 B6 18 01 00 D6 85 00 00 C0 A8 00 00 57 89 00 00 F0 9A 00 00 19 70 72 74 65 D8 38 00 00 [43] A0 02 00
0x00, prev: 0x02: 16 02 03 00 CA 82 00 00 B6 18 01 00 D6 85 00 00 C0 A8 00 00 57 89 00 00 F0 9A 00 00 19 70 72 74 65 D8 38 00 00 43 A0 02 [00]
0x88, prev: 0x65: 16 02 01 00 F9 84 00 00 E4 C2 01 00 19 77 6F 6D 65 [88] 83 00 00 55 C3 00 00
0x00, prev: 0x88: 16 02 01 00 F9 84 00 00 E4 C2 01 00 19 77 6F 6D 65 88 83 [00] 00 55 C3 00 00
0x55, prev: 0x00: 16 02 01 00 F9 84 00 00 E4 C2 01 00 19 77 6F 6D 65 88 83 00 00 [55] C3 00 00
0x00, prev: 0x55: 16 02 01 00 F9 84 00 00 E4 C2 01 00 19 77 6F 6D 65 88 83 00 00 55 C3 [00] 00
0xFF, prev: 0x65: 16 02 02 00 F9 84 00 00 E4 C2 01 00 8D 8B 00 00 95 A7 00 00 19 77 6F 6D 65 [FF] 17 00 00 7B 3F 05 00
0x00, prev: 0xFF: 19 6D 65 64 45 BE 88 00 00 FF B0 [00] 00
0x7B, prev: 0x00: 16 02 02 00 F9 84 00 00 E4 C2 01 00 8D 8B 00 00 95 A7 00 00 19 77 6F 6D 65 FF 17 00 00 [7B] 3F 05 00
0x00, prev: 0x05: 16 02 01 00 AF 8A 00 00 98 8F 00 00 19 70 72 74 65 09 5C 00 00 E5 90 05 [00]
0xA2, prev: 0x65: 16 02 08 00 71 03 00 00 7A 0F 05 00 2F 72 00 00 AD 0B 05 00 52 77 00 00 38 32 06 00 40 7A 00 00 98 05 02 00 7E 7E 00 00 27 18 04 00 E0 80 00 00 58 00 03 00 64 84 00 00 3A 38 05 00 89 88 00 00 54 2E 06 00 19 73 6F 64 65 [A2] 8C 00 00 AF 87 05 00
0x00, prev: 0xA2: 16 02 08 00 71 03 00 00 7A 0F 05 00 2F 72 00 00 AD 0B 05 00 52 77 00 00 38 32 06 00 40 7A 00 00 98 05 02 00 7E 7E 00 00 27 18 04 00 E0 80 00 00 58 00 03 00 64 84 00 00 3A 38 05 00 89 88 00 00 54 2E 06 00 19 73 6F 64 65 A2 8C [00] 00 AF 87 05 00
0xAF, prev: 0x00: 16 02 08 00 71 03 00 00 7A 0F 05 00 2F 72 00 00 AD 0B 05 00 52 77 00 00 38 32 06 00 40 7A 00 00 98 05 02 00 7E 7E 00 00 27 18 04 00 E0 80 00 00 58 00 03 00 64 84 00 00 3A 38 05 00 89 88 00 00 54 2E 06 00 19 73 6F 64 65 A2 8C 00 00 [AF] 87 05 00
0x28, prev: 0x65: 16 02 01 00 8D 8B 00 00 95 A7 00 00 19 70 72 74 65 [28] 83 00 00 81 B8 05 00 01 0C 00 16 02 01 00 E6 7B 00 00 F1 C3 05 00
0x00, prev: 0x28: 16 02 01 00 8D 8B 00 00 95 A7 00 00 19 70 72 74 65 28 83 [00] 00 81 B8 05 00 01 0C 00 16 02 01 00 E6 7B 00 00 F1 C3 05 00
0x81, prev: 0x00: 16 02 01 00 8D 8B 00 00 95 A7 00 00 19 70 72 74 65 28 83 00 00 [81] B8 05 00 01 0C 00 16 02 01 00 E6 7B 00 00 F1 C3 05 00
0x8D, prev: 0x65: 16 02 01 00 F9 84 00 00 E4 C2 01 00 19 70 72 74 65 [8D] 32 00 00 8B FF 05 00
0x00, prev: 0x8D: 16 02 01 00 F9 84 00 00 E4 C2 01 00 19 70 72 74 65 8D 32 [00] 00 8B FF 05 00
0x8B, prev: 0x00: 16 02 01 00 F9 84 00 00 E4 C2 01 00 19 70 72 74 65 8D 32 00 00 [8B] FF 05 00
0xEA, prev: 0x65: 16 02 01 00 40 5A 00 00 E2 2D 0C 00 19 65 6F 74 65 [EA] 88 00 00 2F 9D 03 00
0x00, prev: 0xEA: 16 02 01 00 40 5A 00 00 E2 2D 0C 00 19 65 6F 74 65 EA 88 [00] 00 2F 9D 03 00
0x2F, prev: 0x00: 16 02 01 00 40 5A 00 00 E2 2D 0C 00 19 65 6F 74 65 EA 88 00 00 [2F] 9D 03 00
0x8B, prev: 0x65: 16 02 0B 00 82 17 00 00 56 A2 09 00 3C 27 00 00 D8 7C 09 00 D3 2B 00 00 AF 7C 09 00 B3 2C 00 00 BB 6C 09 00 BB 36 00 00 40 94 09 00 3A 78 00 00 E4 6C 09 00 40 7A 00 00 98 05 02 00 7E 7E 00 00 27 18 04 00 E0 80 00 00 58 00 03 00 03 89 00 00 74 8E 09 00 06 8A 00 00 4B 8E 09 00 19 70 72 74 65 [8B] 7E 00 00 5D AB 09 00
0x00, prev: 0x8B: 16 02 0B 00 82 17 00 00 56 A2 09 00 3C 27 00 00 D8 7C 09 00 D3 2B 00 00 AF 7C 09 00 B3 2C 00 00 BB 6C 09 00 BB 36 00 00 40 94 09 00 3A 78 00 00 E4 6C 09 00 40 7A 00 00 98 05 02 00 7E 7E 00 00 27 18 04 00 E0 80 00 00 58 00 03 00 03 89 00 00 74 8E 09 00 06 8A 00 00 4B 8E 09 00 19 70 72 74 65 8B 7E [00] 00 5D AB 09 00
0x5D, prev: 0x00: 16 02 0B 00 82 17 00 00 56 A2 09 00 3C 27 00 00 D8 7C 09 00 D3 2B 00 00 AF 7C 09 00 B3 2C 00 00 BB 6C 09 00 BB 36 00 00 40 94 09 00 3A 78 00 00 E4 6C 09 00 40 7A 00 00 98 05 02 00 7E 7E 00 00 27 18 04 00 E0 80 00 00 58 00 03 00 03 89 00 00 74 8E 09 00 06 8A 00 00 4B 8E 09 00 19 70 72 74 65 8B 7E 00 00 [5D] AB 09 00
0x09, prev: 0x5D: 16 02 0B 00 82 17 00 00 56 A2 09 00 3C 27 00 00 D8 7C 09 00 D3 2B 00 00 AF 7C 09 00 B3 2C 00 00 BB 6C 09 00 BB 36 00 00 40 94 09 00 3A 78 00 00 E4 6C 09 00 40 7A 00 00 98 05 02 00 7E 7E 00 00 27 18 04 00 E0 80 00 00 58 00 03 00 03 89 00 00 74 8E 09 00 06 8A 00 00 4B 8E 09 00 19 70 72 74 65 8B 7E 00 00 5D AB [09] 00
0x6B, prev: 0x65: 16 02 02 00 8D 8B 00 00 95 A7 00 00 F9 84 00 00 E4 C2 01 00 19 6D 6F 61 65 [6B] 53 00 00 38 9A 0D 00
0xF3, prev: 0x6B: 16 02 07 00 B3 2C 00 00 BB 6C 09 00 BB 36 00 00 40 94 09 00 50 37 00 00 DE 0B 0B 00 98 70 00 00 AC 04 0B 00 40 7A 00 00 98 05 02 00 6F 82 00 00 71 1F 0B 00 06 8A 00 00 4B 8E 09 00 19 65 65 6B 45 [F3] 36 00 00 0C CF 01 00
0x00, prev: 0xF3: 16 02 07 00 B3 2C 00 00 BB 6C 09 00 BB 36 00 00 40 94 09 00 50 37 00 00 DE 0B 0B 00 98 70 00 00 AC 04 0B 00 40 7A 00 00 98 05 02 00 6F 82 00 00 71 1F 0B 00 06 8A 00 00 4B 8E 09 00 19 65 65 6B 45 F3 36 [00] 00 0C CF 01 00
0x0C, prev: 0x00: 16 02 07 00 B3 2C 00 00 BB 6C 09 00 BB 36 00 00 40 94 09 00 50 37 00 00 DE 0B 0B 00 98 70 00 00 AC 04 0B 00 40 7A 00 00 98 05 02 00 6F 82 00 00 71 1F 0B 00 06 8A 00 00 4B 8E 09 00 19 65 65 6B 45 F3 36 00 00 [0C] CF 01 00
0x39, prev: 0x65: 16 02 03 00 CA 7D 00 00 49 06 01 00 43 81 00 00 38 D4 00 00 26 83 00 00 AA C4 00 00 19 6C 6F 74 65 [39] 03 00 00 56 7D 08 00
0x00, prev: 0x39: 16 02 03 00 CA 7D 00 00 49 06 01 00 43 81 00 00 38 D4 00 00 26 83 00 00 AA C4 00 00 19 6C 6F 74 65 39 03 [00] 00 56 7D 08 00
0x56, prev: 0x00: 16 02 03 00 CA 7D 00 00 49 06 01 00 43 81 00 00 38 D4 00 00 26 83 00 00 AA C4 00 00 19 6C 6F 74 65 39 03 00 00 [56] 7D 08 00
0x08, prev: 0x56: 16 02 03 00 CA 7D 00 00 49 06 01 00 43 81 00 00 38 D4 00 00 26 83 00 00 AA C4 00 00 19 6C 6F 74 65 39 03 00 00 56 7D [08] 00
0xFD, prev: 0x65: 16 02 07 00 B3 2C 00 00 BB 6C 09 00 BB 36 00 00 40 94 09 00 50 37 00 00 DE 0B 0B 00 98 70 00 00 AC 04 0B 00 40 7A 00 00 98 05 02 00 6F 82 00 00 71 1F 0B 00 06 8A 00 00 4B 8E 09 00 19 77 6F 6D 65 [FD] 88 00 00 A9 65 01 00
0x00, prev: 0xFD: 16 02 07 00 B3 2C 00 00 BB 6C 09 00 BB 36 00 00 40 94 09 00 50 37 00 00 DE 0B 0B 00 98 70 00 00 AC 04 0B 00 40 7A 00 00 98 05 02 00 6F 82 00 00 71 1F 0B 00 06 8A 00 00 4B 8E 09 00 19 77 6F 6D 65 FD 88 [00] 00 A9 65 01 00
0xA9, prev: 0x00: 16 02 07 00 B3 2C 00 00 BB 6C 09 00 BB 36 00 00 40 94 09 00 50 37 00 00 DE 0B 0B 00 98 70 00 00 AC 04 0B 00 40 7A 00 00 98 05 02 00 6F 82 00 00 71 1F 0B 00 06 8A 00 00 4B 8E 09 00 19 77 6F 6D 65 FD 88 00 00 [A9] 65 01 00
0x09, prev: 0x65: 16 02 01 00 AF 8A 00 00 98 8F 00 00 19 70 72 74 65 [09] 5C 00 00 E5 90 05 00
0x00, prev: 0x09: 16 02 01 00 AF 8A 00 00 98 8F 00 00 19 70 72 74 65 09 5C [00] 00 E5 90 05 00
0xE5, prev: 0x00: 16 02 01 00 AF 8A 00 00 98 8F 00 00 19 70 72 74 65 09 5C 00 00 [E5] 90 05 00
0x64, prev: 0x65: 19 6D 65 [64] 45 BE 88 00 00 FF B0 00 00
0xBE, prev: 0x64: 19 6D 65 64 45 [BE] 88 00 00 FF B0 00 00
0x00, prev: 0xBE: 19 6D 65 64 45 BE 88 [00] 00 FF B0 00 00
0xFF, prev: 0x00: 19 6D 65 64 45 BE 88 00 00 [FF] B0 00 00
0xE3, prev: 0x65: 16 02 01 00 B3 81 00 00 60 3B 0A 00 19 62 6F 64 65 [E3] 06 00 00 85 97 0D 00
0x00, prev: 0xE3: 16 02 01 00 B3 81 00 00 60 3B 0A 00 19 62 6F 64 65 E3 06 [00] 00 85 97 0D 00
0x85, prev: 0x00: 16 02 01 00 B3 81 00 00 60 3B 0A 00 19 62 6F 64 65 E3 06 00 00 [85] 97 0D 00
0x0D, prev: 0x85: 16 02 01 00 B3 81 00 00 60 3B 0A 00 19 62 6F 64 65 E3 06 00 00 85 97 [0D] 00
0xD3, prev: 0x65: 16 02 01 00 E3 06 00 00 85 97 0D 00 19 77 6F 6D 65 [D3] 06 00 00 80 94 0D 00
0x00, prev: 0xD3: 16 02 01 00 E3 06 00 00 85 97 0D 00 19 77 6F 6D 65 D3 06 [00] 00 80 94 0D 00
0x80, prev: 0x00: 16 02 01 00 E3 06 00 00 85 97 0D 00 19 77 6F 6D 65 D3 06 00 00 [80] 94 0D 00
0x0D, prev: 0x80: 16 02 01 00 E3 06 00 00 85 97 0D 00 19 77 6F 6D 65 D3 06 00 00 80 94 [0D] 00
0xAC, prev: 0x65: 16 02 01 00 D3 06 00 00 80 94 0D 00 19 6D 6F 61 65 [AC] 8A 00 00 25 95 0D 00
0x00, prev: 0xAC: 16 02 01 00 D3 06 00 00 80 94 0D 00 19 6D 6F 61 65 AC 8A [00] 00 25 95 0D 00
0x25, prev: 0x00: 16 02 01 00 D3 06 00 00 80 94 0D 00 19 6D 6F 61 65 AC 8A 00 00 [25] 95 0D 00
0x0D, prev: 0x25: 16 02 01 00 D3 06 00 00 80 94 0D 00 19 6D 6F 61 65 AC 8A 00 00 25 95 [0D] 00
0xC8, prev: 0x65: 16 02 03 00 8D 8B 00 00 95 A7 00 00 F9 84 00 00 E4 C2 01 00 8C 57 00 00 6E FC 0D 00 19 65 74 61 65 [C8] 8C 00 00 A2 96 0D 00
0x00, prev: 0xC8: 16 02 03 00 8D 8B 00 00 95 A7 00 00 F9 84 00 00 E4 C2 01 00 8C 57 00 00 6E FC 0D 00 19 65 74 61 65 C8 8C [00] 00 A2 96 0D 00
0xA2, prev: 0x00: 16 02 03 00 8D 8B 00 00 95 A7 00 00 F9 84 00 00 E4 C2 01 00 8C 57 00 00 6E FC 0D 00 19 65 74 61 65 C8 8C 00 00 [A2] 96 0D 00
0x0D, prev: 0xA2: 16 02 03 00 8D 8B 00 00 95 A7 00 00 F9 84 00 00 E4 C2 01 00 8C 57 00 00 6E FC 0D 00 19 65 74 61 65 C8 8C 00 00 A2 96 [0D] 00
0x00, prev: 0x6B: 16 02 02 00 8D 8B 00 00 95 A7 00 00 F9 84 00 00 E4 C2 01 00 19 6D 6F 61 65 6B 53 [00] 00 38 9A 0D 00
0x38, prev: 0x00: 16 02 02 00 8D 8B 00 00 95 A7 00 00 F9 84 00 00 E4 C2 01 00 19 6D 6F 61 65 6B 53 00 00 [38] 9A 0D 00
0x0D, prev: 0x38: 16 02 02 00 8D 8B 00 00 95 A7 00 00 F9 84 00 00 E4 C2 01 00 19 6D 6F 61 65 6B 53 00 00 38 9A [0D] 00
0x85, prev: 0x61: 16 02 01 00 6B 53 00 00 38 9A 0D 00 19 6E 65 64 65 61 [85] 00 00 86 98 0D 00
0x00, prev: 0x85: 16 02 01 00 6B 53 00 00 38 9A 0D 00 19 6E 65 64 65 61 85 00 [00] 86 98 0D 00
0x9E, prev: 0x65: 16 02 01 00 6B 53 00 00 38 9A 0D 00 19 6D 6F 61 65 [9E] 46 00 00 BD 9F 0D 00
0x00, prev: 0x9E: 16 02 01 00 6B 53 00 00 38 9A 0D 00 19 6D 6F 61 65 9E 46 [00] 00 BD 9F 0D 00
0xBD, prev: 0x00: 16 02 01 00 6B 53 00 00 38 9A 0D 00 19 6D 6F 61 65 9E 46 00 00 [BD] 9F 0D 00
0x0D, prev: 0xBD: 16 02 01 00 6B 53 00 00 38 9A 0D 00 19 6D 6F 61 65 9E 46 00 00 BD 9F [0D] 00
0x73, prev: 0x65: 16 02 02 00 F9 84 00 00 E4 C2 01 00 8D 8B 00 00 95 A7 00 00 19 6E 65 [73] 65 4C 49 00 00 10 AC 0D 00 01 0C 00 16 01 01 00 F9 56 00 00 81 AC 0D 00
0x4C, prev: 0x73: 16 02 02 00 F9 84 00 00 E4 C2 01 00 8D 8B 00 00 95 A7 00 00 19 6E 65 73 65 [4C] 49 00 00 10 AC 0D 00 01 0C 00 16 01 01 00 F9 56 00 00 81 AC 0D 00
0x00, prev: 0x4C: 16 02 02 00 F9 84 00 00 E4 C2 01 00 8D 8B 00 00 95 A7 00 00 19 6E 65 73 65 4C 49 [00] 00 10 AC 0D 00 01 0C 00 16 01 01 00 F9 56 00 00 81 AC 0D 00
0xB9, prev: 0x65: 16 02 05 00 8D 8B 00 00 95 A7 00 00 F9 84 00 00 E4 C2 01 00 B3 81 00 00 60 3B 0A 00 61 85 00 00 53 4C 0E 00 F1 4F 00 00 9C 77 0E 00 19 70 72 74 65 [B9] 6D 00 00 CC 65 0E 00
0x00, prev: 0xB9: 16 02 05 00 8D 8B 00 00 95 A7 00 00 F9 84 00 00 E4 C2 01 00 B3 81 00 00 60 3B 0A 00 61 85 00 00 53 4C 0E 00 F1 4F 00 00 9C 77 0E 00 19 70 72 74 65 B9 6D [00] 00 CC 65 0E 00
0xCC, prev: 0x00: 16 02 05 00 8D 8B 00 00 95 A7 00 00 F9 84 00 00 E4 C2 01 00 B3 81 00 00 60 3B 0A 00 61 85 00 00 53 4C 0E 00 F1 4F 00 00 9C 77 0E 00 19 70 72 74 65 B9 6D 00 00 [CC] 65 0E 00
0x0E, prev: 0xCC: 16 02 05 00 8D 8B 00 00 95 A7 00 00 F9 84 00 00 E4 C2 01 00 B3 81 00 00 60 3B 0A 00 61 85 00 00 53 4C 0E 00 F1 4F 00 00 9C 77 0E 00 19 70 72 74 65 B9 6D 00 00 CC 65 [0E] 00
0x2B, prev: 0x65: 16 02 03 00 F9 84 00 00 E4 C2 01 00 8D 8B 00 00 95 A7 00 00 61 85 00 00 53 4C 0E 00 19 73 6F 64 65 [2B] 7C 00 00 BF 03 0E 00
0x00, prev: 0x2B: 16 02 03 00 F9 84 00 00 E4 C2 01 00 8D 8B 00 00 95 A7 00 00 61 85 00 00 53 4C 0E 00 19 73 6F 64 65 2B 7C [00] 00 BF 03 0E 00
0xBF, prev: 0x00: 16 02 03 00 F9 84 00 00 E4 C2 01 00 8D 8B 00 00 95 A7 00 00 61 85 00 00 53 4C 0E 00 19 73 6F 64 65 2B 7C 00 00 [BF] 03 0E 00
0x0E, prev: 0xBF: 16 02 03 00 F9 84 00 00 E4 C2 01 00 8D 8B 00 00 95 A7 00 00 61 85 00 00 53 4C 0E 00 19 73 6F 64 65 2B 7C 00 00 BF 03 [0E] 00
0xF6, prev: 0x65: 16 02 01 00 2B 7C 00 00 BF 03 0E 00 19 77 6F 6D 65 [F6] 8A 00 00 F8 2E 0E 00
0x00, prev: 0xF6: 16 02 01 00 2B 7C 00 00 BF 03 0E 00 19 77 6F 6D 65 F6 8A [00] 00 F8 2E 0E 00
0xF8, prev: 0x00: 16 02 01 00 2B 7C 00 00 BF 03 0E 00 19 77 6F 6D 65 F6 8A 00 00 [F8] 2E 0E 00
0x0E, prev: 0xF8: 16 02 01 00 2B 7C 00 00 BF 03 0E 00 19 77 6F 6D 65 F6 8A 00 00 F8 2E [0E] 00
0x3B, prev: 0x65: 16 02 01 00 40 7A 00 00 98 05 02 00 19 77 6F 6D 65 [3B] 4A 00 00 96 CC 0D 00
0x00, prev: 0x3B: 16 02 01 00 40 7A 00 00 98 05 02 00 19 77 6F 6D 65 3B 4A [00] 00 96 CC 0D 00
0x96, prev: 0x00: 16 02 01 00 40 7A 00 00 98 05 02 00 19 77 6F 6D 65 3B 4A 00 00 [96] CC 0D 00
0x0D, prev: 0x96: 16 02 01 00 40 7A 00 00 98 05 02 00 19 77 6F 6D 65 3B 4A 00 00 96 CC [0D] 00
General information
- name: BNet
- type: Ladder 1vs1/FFA
- host: Battle.net
- saver: yawbus
map: CentaurGrove
- players: 2
- length: 163:56
- speed: Fast
- version: 1.26 W3XP
- replay type: Public
» download(416 KB)
Players
team 1 (loser)

»
Bnetisbad (
purple | 273 APM | 6434 actions | 23:34)
5 Demon Hunter
1 Immolation
2 Evasion
1 Mana Burn
1 Metamorphosis
3 Keeper of the Grove
2 Entangling Roots
1 Thorns Aura
» actions
| Assign group hotkey | 82 | |
| Basic commands | 14 | |
| Build / train | 254 | |
| Enter build submenu | 92 | |
| Enter hero's abilities submenu | 12 | |
| Give item / drop item | 29 | |
| Remove unit from queue | 13 | |
| Right click | 2584 | |
| Select / deselect | 1589 | |
| Select group hotkey | 1322 | |
| Use ability | 441 | |
6434 total
» units
| Wisp | 76 | |
| Archer | 1 | |
| Huntress | 9 | |
| Goblin Shredder | 1 | |
| Dryad | 25 | |
| Faerie Dragon | 1 | |
| Hippogryph | 41 | |
| Druid of the Talon | 3 | |
| Druid of the Claw | 5 | |
| Glaive Thrower | 6 | |
| Chimaera | 26 | |
| Goblin Zeppelin | 2 | |
| Goblin Sapper | 1 | |
| Harpy Rogue | 1 | |
198 total
» upgrades
| Strength of the Moon | 1 | |
| Moon Armor | 1 | |
| Strength of the Wild | 3 | |
| Sentinel | 1 | |
| Abolish Magic | 1 | |
| Reinforced Hides | 3 | |
| Hippogryph Taming | 1 | |
| Well Spring | 1 | |
| Marksmanship | 1 | |
| Druid of the Talon Training | 2 | |
| Corrosive Breath | 1 | |
| Backpack | 1 | |
| Ultravision | 1 | |
| Vorpal Blades | 1 | |
| Druid of the Claw Training | 1 | |
20 total
» buildings
| Altar of Elders | 2 | |
| Ancient of War | 4 | |
| Moon Well | 33 | |
| Hunter's Hall | 2 | |
| Ancient Protector | 48 | |
| Tree of Ages | 2 | |
| Ancient of Wonders | 2 | |
| Tree of Eternity | 2 | |
| Ancient of Wind | 2 | |
| Ancient of Lore | 1 | |
| Tree of Life | 3 | |
| Chimaera Roost | 2 | |
103 total
» build order
00:09 Altar of Elders
00:24 Ancient of War
00:38 Moon Well
01:45 Moon Well
02:14 Hunter's Hall
03:05 Moon Well
03:07 Moon Well
04:28 Ancient Protector
04:34 Moon Well
05:42 Tree of Ages
05:49 Ancient of Wonders
06:29 Moon Well
07:24 Ancient Protector
07:53 Moon Well
08:42 Tree of Eternity
08:48 Ancient of Wind
08:51 Ancient Protector
10:05 Ancient Protector
13:48 Tree of Life
15:20 Ancient Protector
17:42 Ancient Protector
20:35 Ancient Protector
21:02 Moon Well
21:03 Moon Well
21:04 Moon Well
21:05 Moon Well
21:10 Ancient Protector
21:54 Moon Well
23:34 Ancient Protector
» items
| Periapt of Vitality | 1 | |
| Staff of Teleportation | 2 | |
| Orb of Venom | 1 | |
| Potion of Lesser Invulnerability | 1 | |
5 total
team 2 (winner)
yawbus (
green | 350 APM | 8245 actions | 23:34)
5 Archmage
2 Blizzard
3 Brilliance Aura
4 Blood Mage
3 Flame Strike
1 Banish
» actions
| Assign group hotkey | 75 | |
| Basic commands | 345 | |
| Build / train | 219 | |
| ESC pressed | 7 | |
| Enter build submenu | 126 | |
| Enter hero's abilities submenu | 78 | |
| Give item / drop item | 13 | |
| Right click | 3506 | |
| Select / deselect | 1937 | |
| Select group hotkey | 857 | |
| Select subgroup | 62 | |
| Use ability | 1018 | |
8245 total
» units
| Peasant | 24 | |
| Dragonhawk Rider | 25 | |
| Goblin Shredder | 2 | |
| Goblin Zeppelin | 8 | |
| Gryphon Rider | 1 | |
| Sorceress | 2 | |
| Flying Machine | 5 | |
| Mortar Team | 1 | |
| Siege Engine | 11 | |
79 total
» upgrades
| Masonry | 3 | |
| Cloud | 1 | |
| Magic Sentry | 1 | |
| Sorceress Training | 2 | |
| Swords | 3 | |
| Armor | 3 | |
| Flak Cannons | 1 | |
| Storm Hammers | 1 | |
| Flying Machine Bombs | 1 | |
| Gunpowder | 3 | |
| Plating | 2 | |
| Barrage | 1 | |
| Flare | 1 | |
23 total
» buildings
| Altar of Kings | 1 | |
| Farm | 28 | |
| Scout Tower | 105 | |
| Arcane Vault | 4 | |
| Lumber Mill | 5 | |
| Arcane Tower | 8 | |
| Guard Tower | 51 | |
| Town Hall | 5 | |
| Keep | 2 | |
| Blacksmith | 2 | |
| Castle | 2 | |
| Arcane Sanctum | 1 | |
| Gryphon Aviary | 5 | |
| Workshop | 2 | |
221 total
» build order
00:06 Altar of Kings
00:29 Farm
00:44 Scout Tower
00:54 Arcane Vault
01:05 Lumber Mill
01:39 Farm
01:53 Arcane Tower
02:02 Scout Tower
02:34 Arcane Tower
02:39 Scout Tower
02:59 Scout Tower
03:14 Guard Tower
03:16 Farm
04:16 Guard Tower
04:18 Scout Tower
04:27 Scout Tower
04:48 Scout Tower
04:49 Scout Tower
04:50 Scout Tower
04:51 Scout Tower
04:59 Guard Tower
05:35 Guard Tower
05:41 Town Hall
05:44 Scout Tower
05:46 Scout Tower
05:47 Scout Tower
06:38 Keep
06:42 Arcane Tower
06:44 Guard Tower
07:10 Scout Tower
07:14 Scout Tower
07:16 Farm
08:36 Blacksmith
08:36 Blacksmith
08:40 Farm
08:51 Scout Tower
10:07 Guard Tower
17:39 Scout Tower
17:40 Scout Tower
17:41 Scout Tower
17:41 Scout Tower
17:42 Scout Tower
17:43 Scout Tower
18:01 Scout Tower
18:14 Guard Tower
18:25 Arcane Tower
18:26 Guard Tower
18:28 Scout Tower
19:01 Guard Tower
19:07 Town Hall
19:09 Scout Tower
19:10 Scout Tower
19:11 Scout Tower
19:33 Arcane Vault
21:13 Arcane Tower
21:14 Guard Tower
22:22 Guard Tower
23:34 Lumber Mill
» items
| Scroll of Regeneration | 7 | |
| Lesser Clarity Potion | 5 | |
| Potion of Invisibility | 3 | |
| Boots of Speed | 1 | |
| Staff of Teleportation | 2 | |
| Periapt of Vitality | 3 | |
| Scroll of Town Portal | 3 | |
| Potion of Healing | 2 | |
| Staff of Sanctuary | 2 | |
| Ivory Tower | 3 | |
| Mechanical Critter | 2 | |
33 total
Chat log
(23:34 / All) yawbus: psst your gold mine is empty, uproot your tree